 Dungeon Crawl Stone Soup version 0.30.1-9-gdf580d7c3d (webtiles) character file.

Game seed: 9448623568965422209

1936 safid the Chiller (level 9, -3/69 HPs)
             Began as a Merfolk Ice Elementalist on Oct 17, 2023.
             Killed from afar by an electric eel (13 damage)
             ... with a bolt of electricity
             ... on level 7 of the Dungeon.
             The game lasted 00:12:01 (5503 turns).

safid the Chiller (Merfolk Ice Elementalist)        Turns: 5503, Time: 00:12:02

Health: -3/69      AC:  8    Str:  8    XL:     9   Next: 18%
Magic:  16/17      EV: 19    Int: 18    God:
Gold:   294        SH:  0    Dex: 15    Spells: 10/19 levels left

rFire   . . .        l - +2 short sword (venom)
rCold   . . .        (no shield)
rNeg    + . .        a - +0 robe
rPois   .            v - +2 hat
rElec   .            (no cloak)
rCorr   .            e - +0 pair of gloves
SInv    .            i - +2 pair of boots {Fly}
Will    .....        (no amulet)
Stlth   ++           o - +5 ring of evasion
HPRegen 0.31/turn    s - ring of positive energy
MPRegen 0.15/turn

%: no passive effects
@: flying
A: (nimble swimmer 2), mertail
a: no special abilities


You were on level 7 of the Dungeon.
You visited 2 branches of the dungeon, and saw 8 of its levels.

You collected 294 gold pieces.

Inventory:

Hand Weapons
 l - a +2 short sword of venom (weapon)
Armour
 a - a +0 robe (worn)
 e - a +0 pair of gloves (worn)
 g - a +0 helmet
 i - a +2 pair of boots of flying (worn)
 v - a +2 hat (worn)
Jewellery
 o - a +5 ring of evasion (left hand)
 s - a ring of positive energy (right hand)
 x - a ring of resist corrosion
Scrolls
 c - 8 scrolls of teleportation
 d - a scroll of blinking {unknown}
 f - 3 scrolls of fog
 h - a scroll of magic mapping {unknown}
 j - 2 scrolls of amnesia
 m - 2 scrolls of enchant armour
 r - 3 scrolls of enchant weapon
 u - a scroll of torment {unknown}
Potions
 b - a potion of magic
 n - a potion of mutation {unknown}
 q - a potion of brilliance {unknown}
 t - 4 potions of curing
 w - a potion of might {unknown}


   Skills:
 + Level 6.2 Fighting
 + Level 5.8 Dodging
 - Level 2.1 Stealth
 + Level 5.7 Spellcasting
 + Level 3.0 Translocations
 + Level 7.8 Ice Magic


You had 10 spell levels left.
You knew the following spells:

 Your Spells              Type           Power      Damage    Failure   Level
a - Freeze                Ice            100%       1d10      1%          1
b - Frozen Ramparts       Ice            66%        1d10      1%          3
c - Ozocubu's Armour      Ice            33%        N/A       1%          3
d - Blink                 Tloc           32%        N/A       5%          2

Your spell library contained the following spells:

 Spells                   Type           Power      Damage    Failure   Level
 Apportation              Tloc           32%        N/A       3%          1
 Lesser Beckoning         Tloc           32%        N/A       5%          2
 Momentum Strike          Conj/Tloc      20%        3d8       10%         2
 Necrotise                Necr           20%        1d5       12%         1
 Summon Small Mammal      Summ           20%        N/A       12%         1
 Volatile Blastmotes      Fire/Tloc      20%        2d11      21%         3
 Summon Ice Beast         Ice/Summ       19%        N/A       24%         4
 Call Canine Familiar     Summ           5%         N/A       36%         3
 Dazzling Flash           Conj/Hex       10%        N/A       36%         3
 Summon Guardian Golem    Hex/Summ       5%         N/A       36%         3
 Vampiric Draining        Necr           5%         2d6       36%         3
 Iskenderun's Mystic Bla  Conj/Tloc      10%        2d4       54%         4
 Agony                    Necr           5%         N/A       98%         5
 Starburst                Conj/Fire      2%         6d3       100%        6


Dungeon Overview and Level Annotations

Branches:
Dungeon (7/15)             Temple (1/1) D:4

Altars:
Ashenzari
Cheibriados
Elyvilon
Fedhas
Gozag
Hepliaklqana
Kikubaaqudgha
Makhleb
Nemelex Xobeh
Okawaru
Qazlal
Ru
Trog
Uskayaw
Wu Jian
Yredelemnul
Zin
The Shining One

Shops:
D:3 =   D:6 (

Annotations:
D:5 exclusion: kobold demonologist


Innate Abilities, Weirdness & Mutations

((You are very nimble when in or above water. (Stealth+, EV+, Speed+++)))
Your lower body shifts to a powerful aquatic tail in water.


Message History

Where to? (Enter - D:6, ? - help)
There is a stone staircase leading down here.
You fly downwards.
There is a stone staircase leading up here.
There is a stone staircase leading up here.
An electric eel comes into view.
An electric eel comes into view.
Casting: Frozen Ramparts (safe; 1% risk of failure)
Confirm with . or Enter, or press ? or * to list all spells.
Aiming: Freeze (safe; 1% risk of failure)
Press: ? - help, Shift-Dir - straight line, f - electric eel
Aim: an electric eel (water, asleep)
You freeze the electric eel.
The electric eel is lightly wounded.
The electric eel seems to slow down.
The electric eel shoots out a bolt of lightning at you!
The bolt of electricity hits you! x2
The bolt of electricity hits the electric eel.
The electric eel completely resists.
You hit the electric eel.
The electric eel is lightly wounded.
You hit the electric eel. Your punch misses the electric eel.
The electric eel is moderately wounded.
The electric eel is no longer moving slowly.
You miss the electric eel.
The electric eel is moderately wounded.
The electric eel shoots out a bolt of lightning at you!
The bolt of electricity hits you! x2
The bolt of electricity hits the electric eel.
The electric eel completely resists.
You closely miss the electric eel.
The electric eel is moderately wounded.
The electric eel shoots out a bolt of lightning at you!
The bolt of electricity hits you!
* * * LOW HITPOINT WARNING * * *
The electric eel shoots out a bolt of lightning at you!
The bolt of electricity hits you!
* * * LOW HITPOINT WARNING * * *
The bolt of electricity hits you!
You die...

#.≈ .#.≈ #.S .#.≈
#.≈ .≈.#.≈.# #.≈.
##.≈.#.≈.#
#.≈.###...≈.#.≈.#
#.≈....≈≈≈≈.#.≈.#
#.≈≈≈≈S.....#.≈.#
#.....@######.≈.#
#######.......≈.#
.......≈≈≈≈≈≈≈≈.#
........#####.#.#
#...##### #...#
##+ #.###
#.####### #.#
#.......# #.#
#.#####.## #.#


You could see 2 electric eels.

Vanquished Creatures
  A kobold demonologist (D:5)
  Prince Ribbit (D:5)
  Menkaure (D:5)
  A water moccasin (D:5)
  2 black bears (D:4)
  An ogre (D:5)
  A bullfrog (D:6)
  6 scorpions
  3 wights (D:6)
  2 hounds
  An orc priest (D:5)
  An iguana (D:4)
  3 orc wizards
  Robin (D:2)
  9 adders
  A shadow imp (D:6)
  An ufetubus (D:5)
  A worm (D:4)
  3 dart slugs
  17 orcs
  5 endoplasms
  A giant cockroach (D:3)
  14 goblins
  10 hobgoblins
  9 jackals
  3 quokkas
  13 ball pythons
  3 bats (D:1)
  2 frilled lizards
  8 kobolds
  7 rats
132 creatures vanquished.

Vanquished Creatures (others)
  A human (D:3)
1 creature vanquished.

Grand Total: 133 creatures vanquished

Notes
Turn   | Place    | Note
-------+----------+-------------------------------------------
     0 | D:1      | safid the Merfolk Ice Elementalist began the quest for the
                  | Orb.
     0 | D:1      | Reached XP level 1. HP: 13/13 MP: 3/3
   255 | D:1      | Reached XP level 2. HP: 17/20 MP: 5/5
   302 | D:1      | Reached skill level 1 in Fighting
   714 | D:1      | Reached XP level 3. HP: 26/26 MP: 6/6
   723 | D:1      | Learned a level 3 spell: Frozen Ramparts
  1232 | D:2      | Reached skill level 5 in Ice Magic
  1275 | D:2      | Noticed Robin
  1289 | D:2      | Reached XP level 4. HP: 33/33 MP: 1/8
  1303 | D:2      | Killed Robin
  1470 | D:2      | Identified the +1 leather armour of Resourcefulness {rF+}
  1671 | D:3      | Found Uhaic's Jewellery Emporium.
  1674 | D:3      | Noticed a scorpion
  1685 | D:3      | Killed a scorpion
  1686 | D:3      | Reached XP level 5. HP: 34/40 MP: 5/9
  1690 | D:3      | Learned a level 3 spell: Ozocubu's Armour
  1912 | D:3      | Found an ancient bone altar of Kikubaaqudgha.
  1912 | D:3      | Noticed a human
  1916 | D:3      | Killed a human
  2472 | D:4      | Reached XP level 6. HP: 47/47 MP: 11/11
  2508 | D:4      | Found an iron altar of Okawaru.
  2520 | D:4      | Found a blossoming altar of Fedhas.
  2616 | D:4      | Found a staircase to the Ecumenical Temple.
  2628 | D:4      | Noticed a black bear
  2649 | Temple   | Entered the Ecumenical Temple
  2865 | D:4      | Killed a black bear
  2866 | D:4      | Reached skill level 6 in Ice Magic
  3241 | D:4      | Noticed a black bear
  3246 | D:4      | Killed a black bear
  3247 | D:4      | Reached XP level 7. HP: 43/55 MP: 13/13
  3330 | D:4      | Learned a level 2 spell: Blink
  3353 | D:5      | Entered Level 5 of the Dungeon
  3412 | D:5      | Noticed Prince Ribbit
  3425 | D:5      | Killed Prince Ribbit
  3426 | D:5      | Reached skill level 5 in Fighting
  3426 | D:5      | Reached skill level 1 in Translocations
  3426 | D:5      | Reached XP level 8. HP: 42/62 MP: 5/15
  3608 | D:5      | Reached skill level 7 in Ice Magic
  3811 | D:5      | Reached skill level 5 in Spellcasting
  3870 | D:5      | Noticed Menkaure
  3882 | D:5      | Killed Menkaure
  4001 | D:5      | Noticed a kobold demonologist
  4414 | D:5      | Noticed a smoke demon
  4417 | D:5      | Killed a kobold demonologist
  4418 | D:5      | Reached skill level 5 in Dodging
  4528 | D:6      | Found Loeg Ybb's Hydra Hut.
  4531 | D:6      | Noticed an eight-headed hydra
  4579 | D:6      | Reached XP level 9. HP: 69/69 MP: 10/17
  5503 | D:7      | Killed from afar by an electric eel

Illustrated notes

Levels and vault maps discovered:
D:1:      dpeg_arrival_rooms_c, layout_basic
D:2:      layout_rooms, minmay_split_cup_large, uniq_robin
D:3:      layout_basic, tgw_kikubaaqudgha, serial_shops, shop
D:4:      layout_basic, mainiacjoe_overflow_catwalk_spiral,
          minmay_temple_entry_glass, kennysheep_generic_room_2
D:5:      layout_loops_cross, uniq_prince_ribbit1, uniq_menkaure
D:6:      layout_rooms, serial_glass, glass_columns_c, glass_columns_a,
          doesnt_shop_hydraphobe
D:7:      layout_loops_corners, nicolae_overflow_squiral, kennysheep_mini,
          grunt_livestock, minmay_crystal_water
Temple:   hellmonk_temple_of_storms

Skill      XL: |  1  2  3  4  5  6  7  8  9 |
---------------+----------------------------+-----
Fighting       | 1 2 3 4 5 6 |  6.2
Ice Magic      | 5 6 7 |  7.8
Spellcasting   | 3 4 5 |  5.7
Dodging        | 3 5 |  5.8
Translocations | 1 2 3 |  3.0
Stealth        | |  2.1

Action                     |  1- 3 |  4- 6 |  7- 9 || total
---------------------------+-------+-------+-------++-------
  Melee: Spear             |    64 |       |       ||    64
         Short sword       |    44 |   142 |   128 ||   314
         Punch             |     2 |       |       ||     2
         Tailslap          |       |     2 |       ||     2
   Cast: Freeze            |    13 |     5 |     9 ||    27
         Frozen Ramparts   |     1 |     4 |    18 ||    23
         Ozocubu's Armour  |       |     1 |    10 ||    11
    Use: Scroll            |       |       |     9 ||     9
   Stab: Sleeping          |     7 |     3 |     1 ||    11
 Armour: Robe              |    32 |    34 |    21 ||    87
  Dodge: Dodged            |    71 |   129 |   119 ||   319
